SL
ATHLETIC CLUB KC @ RICHARDSON CITY THUNDERCATS
08/10/2032
 
TOP OF THE 1ST
Athletic Club KC batting - Pitching for Richardson City Thundercats : LHP Stanford McCain
Pitching: LHP Stanford McCain
Batting: RHB Rafael Arredondo 0-0: Called Strike
0-1: Ball
1-1: Fly out, F7 (Flyball, 78D)
Batting: RHB Jesús Vargas 0-0: Ball
1-0: Ground out 5-3 (Groundball, 56S)
Batting: SHB Pedro Vázquez 0-0: Swinging Strike
0-1: Ball
1-1: Called Strike
1-2: Ball
2-2: Strikes out swinging
Top of the 1st over - 0 runs, 0 hits, 0 errors, 0 left on base; Athletic Club KC 0 - Richardson City 0
BOTTOM OF THE 1ST
Richardson City Thundercats batting - Pitching for Athletic Club KC : RHP Jeremy G. Wentworth
Pitching: RHP Jeremy G. Wentworth
Batting: RHB IV Seacat 0-0: Ball
1-0: Called Strike
1-1: Ball
2-1: Swinging Strike
2-2: Ground out 5-3 (Groundball, 56)
Batting: RHB Alfredo Pizarro 0-0: Called Strike
0-1: Foul Ball, location: 2F
0-2: Ground out 5-3 (Groundball, 56S)
Batting: LHB Eduardo Álvarez 0-0: Ball
1-0: Swinging Strike
1-1: Swinging Strike
1-2: Strikes out looking
Bottom of the 1st over - 0 runs, 0 hits, 0 errors, 0 left on base; Athletic Club KC 0 - Richardson City 0
TOP OF THE 2ND
Athletic Club KC batting - Pitching for Richardson City Thundercats : LHP Stanford McCain
Batting: RHB Andrés Medina 0-0: SINGLE (Groundball, 56D)
Batting: RHB Karl Schultz 0-0: SINGLE (Groundball, 6MD)
Andrés Medina to second
Batting: RHB Pedro Solís 0-0: Ball
1-0: Called Strike
1-1: Ball
2-1: 3-RUN HOME RUN (Flyball, 78XD), Distance : 419 ft
Batting: LHB Wu-shun Chu 0-0: Ball
1-0: Swinging Strike
1-1: Foul Ball, location: 2F
1-2: Strikes out looking
Batting: LHB Pablo Hernández 0-0: Ball
1-0: Swinging Strike
1-1: Called Strike
1-2: Strikes out looking
Batting: RHB Khal Drogo 0-0: Foul Ball, location: 2F
0-1: Ball
1-1: Foul Ball, location: 2F
1-2: Foul Ball, location: 2F
1-2: Strikes out looking
Top of the 2nd over - 3 runs, 3 hits, 0 errors, 0 left on base; Athletic Club KC 3 - Richardson City 0
BOTTOM OF THE 2ND
Richardson City Thundercats batting - Pitching for Athletic Club KC : RHP Jeremy G. Wentworth
Batting: LHB Jorge Vargas 0-0: Ground out 1-3 (Groundball, 15S)
Batting: SHB Mitch Qualtrough 0-0: Fly out, F4 (Flyball, 34D)
Batting: LHB Eric Thackston 0-0: Ball
1-0: Swinging Strike
1-1: Ball
2-1: SINGLE (Groundball, 6D)
Batting: LHB Ashley Thachi 0-0: Swinging Strike
0-1: Called Strike
0-2: Ball
1-2: Ball
2-2: Foul Ball, location: 2F
2-2: Strikes out swinging
Bottom of the 2nd over - 0 runs, 1 hit, 0 errors, 1 left on base; Athletic Club KC 3 - Richardson City 0
TOP OF THE 3RD
Athletic Club KC batting - Pitching for Richardson City Thundercats : LHP Stanford McCain
Batting: RHB Rafael Arredondo 0-0: Called Strike
0-1: Called Strike
0-2: Ground out 6-3 (Groundball, 6)
Batting: RHB Jesús Vargas 0-0: Ball
1-0: Fly out, F7 (Line Drive, 7)
Batting: SHB Pedro Vázquez 0-0: Ball
1-0: Ground out 4-3 (Groundball, 4)
Top of the 3rd over - 0 runs, 0 hits, 0 errors, 0 left on base; Athletic Club KC 3 - Richardson City 0
BOTTOM OF THE 3RD
Richardson City Thundercats batting - Pitching for Athletic Club KC : RHP Jeremy G. Wentworth
Batting: LHB Jorge Flores 0-0: Called Strike
0-1: Fly out, F6 (Popup, 56)
Batting: RHB Felipe Campos 0-0: Called Strike
0-1: Swinging Strike
0-2: Foul Ball, location: 2F
0-2: Foul Ball, location: 2F
0-2: Ball
1-2: Ball
2-2: DOUBLE (Line Drive, 78S)
Batting: RHB IV Seacat 0-0: Called Strike
0-1: Ball
1-1: Ground out 4-3 (Groundball, 34)
Felipe Campos to third
Batting: RHB Alfredo Pizarro 0-0: Ball
1-0: Fly out, F6 (Line Drive, 6)
Bottom of the 3rd over - 0 runs, 1 hit, 0 errors, 1 left on base; Athletic Club KC 3 - Richardson City 0
TOP OF THE 4TH
Athletic Club KC batting - Pitching for Richardson City Thundercats : LHP Stanford McCain
Batting: RHB Andrés Medina 0-0: Ground out 4-3 (Groundball, 6MD)
Batting: RHB Karl Schultz 0-0: Called Strike
0-1: Fly out, F7 (Flyball, 7LM)
Batting: RHB Pedro Solís 0-0: Ground out 1-3 (Groundball, 15S)
Top of the 4th over - 0 runs, 0 hits, 0 errors, 0 left on base; Athletic Club KC 3 - Richardson City 0
BOTTOM OF THE 4TH
Richardson City Thundercats batting - Pitching for Athletic Club KC : RHP Jeremy G. Wentworth
Batting: LHB Eduardo Álvarez 0-0: Ground out 4-3 (Groundball, 4)
Batting: LHB Jorge Vargas 0-0: Ball
1-0: Fly out, F8 (Line Drive, 8LS)
Batting: SHB Mitch Qualtrough 0-0: Ball
1-0: Swinging Strike
1-1: Ball
2-1: Ball
3-1: Called Strike
3-2: Ground out 6-3 (Groundball, 6)
Bottom of the 4th over - 0 runs, 0 hits, 0 errors, 0 left on base; Athletic Club KC 3 - Richardson City 0
TOP OF THE 5TH
Athletic Club KC batting - Pitching for Richardson City Thundercats : LHP Stanford McCain
Batting: LHB Wu-shun Chu 0-0: Ground out 4-3 (Groundball, 4)
Batting: LHB Pablo Hernández 0-0: Ball
1-0: Called Strike
1-1: Ball
2-1: Called Strike
2-2: Strikes out swinging
Batting: RHB Khal Drogo 0-0: Ball
1-0: Called Strike
1-1: Ground out 2-3 (Groundball, 2L)
Top of the 5th over - 0 runs, 0 hits, 0 errors, 0 left on base; Athletic Club KC 3 - Richardson City 0
BOTTOM OF THE 5TH
Richardson City Thundercats batting - Pitching for Athletic Club KC : RHP Jeremy G. Wentworth
Batting: LHB Eric Thackston 0-0: Ball
1-0: Called Strike
1-1: Swinging Strike
1-2: Ball
2-2: Ball
3-2: Base on Balls
Batting: LHB Ashley Thachi 0-0: Sac Bunt - play at first, batter OUT! U3
Eric Thackston to second
Batting: LHB Jorge Flores 0-0: Ball
1-0: Swinging Strike
1-1: DOUBLE (Line Drive, 78D)
Eric Thackston scores
Batting: RHB Felipe Campos 0-0: Ball
1-0: Ball
2-0: Called Strike
2-1: Ball
3-1: Called Strike
3-2: Foul Ball, location: 2F
3-2: Foul Ball, location: 2F
3-2: Base on Balls
Batting: RHB IV Seacat 0-0: Called Strike
0-1: Ball
1-1: Swinging Strike
1-2: Foul Ball, location: 2F
1-2: Fly out, F7 (Line Drive, 7LD)
Batting: RHB Alfredo Pizarro 0-0: Ball
1-0: Fly out, F4 (Popup, 4S)
Bottom of the 5th over - 1 run, 1 hit, 0 errors, 2 left on base; Athletic Club KC 3 - Richardson City 1
TOP OF THE 6TH
Athletic Club KC batting - Pitching for Richardson City Thundercats : LHP Stanford McCain
Batting: RHB Rafael Arredondo 0-0: Swinging Strike
0-1: Called Strike
0-2: Ball
1-2: Foul Ball, location: 2F
1-2: Ball
2-2: Ball
3-2: Strikes out looking
Batting: RHB Jesús Vargas 0-0: Ball
1-0: Called Strike
1-1: Ball
2-1: Foul Ball, location: 2F
2-2: Ball
3-2: Base on Balls
Batting: SHB Pedro Vázquez 0-0: Called Strike
0-1: Ball
1-1: Ball
2-1: Swinging Strike
2-2: Strikes out swinging
Batting: RHB Andrés Medina 0-0: Ball
1-0: Ball
2-0: Ball
Jesús Vargas is caught stealing 2nd base
Top of the 6th over - 0 runs, 0 hits, 0 errors, 0 left on base; Athletic Club KC 3 - Richardson City 1
BOTTOM OF THE 6TH
Richardson City Thundercats batting - Pitching for Athletic Club KC : RHP Jeremy G. Wentworth
Batting: LHB Eduardo Álvarez 0-0: Called Strike
0-1: Ball
1-1: Ball
2-1: Ball
3-1: Base on Balls
Batting: LHB Jorge Vargas 0-0: Called Strike
0-1: Ball
1-1: Ball
2-1: Ball
3-1: Foul Ball, location: 2F
3-2: Ground out U3 (Groundball, 34S)
Eduardo Álvarez to second
Batting: SHB Mitch Qualtrough 0-0: Ball
Eduardo Álvarez is caught stealing 3rd base
1-0: Ground out U3 (Groundball, 34)
Bottom of the 6th over - 0 runs, 0 hits, 0 errors, 0 left on base; Athletic Club KC 3 - Richardson City 1
TOP OF THE 7TH
Athletic Club KC batting - Pitching for Richardson City Thundercats : LHP Stanford McCain
Batting: RHB Andrés Medina 0-0: Ball
1-0: Ball
2-0: Ball
3-0: Base on Balls
Batting: RHB Karl Schultz 0-0: Ball
1-0: Ball
2-0: Called Strike
2-1: Ball
3-1: Called Strike
3-2: SINGLE (Line Drive, 7LM)
Andrés Medina to second
Batting: RHB Pedro Solís 0-0: Fly out, F7 (Flyball, 7)
Pinch Hitting: RHB Richard Younger 0-0: Fly out, F9 (Flyball, 89S)
Batting: LHB Pablo Hernández 0-0: Ball
1-0: Foul Ball, location: 2F
1-1: Swinging Strike
1-2: Fly out, F7 (Flyball, 7S)
Top of the 7th over - 0 runs, 1 hit, 0 errors, 2 left on base; Athletic Club KC 3 - Richardson City 1
BOTTOM OF THE 7TH
Richardson City Thundercats batting - Pitching for Athletic Club KC : RHP Jeremy G. Wentworth
Now in CF: Richard Younger
Batting: LHB Eric Thackston 0-0: Called Strike
0-1: Ball
1-1: Ball
2-1: Foul Ball, location: 2F
2-2: Ball
3-2: Base on Balls
Pitching: LHP Sung-hwan Ho
Batting: LHB Ashley Thachi 0-0: Ball
1-0: Bunted foul
1-1: Bunted foul
1-2: Ball
2-2: Strikes out swinging
Batting: LHB Jorge Flores 0-0: Called Strike
0-1: Ball
1-1: Foul Ball, location: 2F
1-2: Strikes out swinging
Batting: RHB Felipe Campos 0-0: Ball
1-0: Ground out 1-3 (Groundball, 13S)
Bottom of the 7th over - 0 runs, 0 hits, 0 errors, 1 left on base; Athletic Club KC 3 - Richardson City 1
TOP OF THE 8TH
Athletic Club KC batting - Pitching for Richardson City Thundercats : LHP Stanford McCain
Batting: RHB Khal Drogo 0-0: Ball
1-0: Ball
2-0: Foul Ball, location: 2F
2-1: Called Strike
2-2: Strikes out swinging
Batting: RHB Rafael Arredondo 0-0: Called Strike
0-1: Foul Ball, location: 2F
0-2: Foul Ball, location: 2F
0-2: Strikes out swinging
Batting: RHB Jesús Vargas 0-0: Ball
1-0: Ball
2-0: Ball
3-0: Base on Balls
Batting: SHB Pedro Vázquez 0-0: Called Strike
0-1: Called Strike
Jesús Vargas steals 2nd base
0-2: Strikes out looking
Top of the 8th over - 0 runs, 0 hits, 0 errors, 1 left on base; Athletic Club KC 3 - Richardson City 1
BOTTOM OF THE 8TH
Richardson City Thundercats batting - Pitching for Athletic Club KC : LHP Sung-hwan Ho
Batting: RHB IV Seacat 0-0: Ball
1-0: Foul Ball, location: 2F
1-1: DOUBLE (Line Drive, 89D)
Batting: RHB Alfredo Pizarro 0-0: Ball
1-0: Called Strike
1-1: Ball
2-1: Foul Ball, location: 2F
2-2: Ball
3-2: Base on Balls
Batting: LHB Eduardo Álvarez 0-0: Ball
1-0: Foul Ball, location: 2F
1-1: Ball
2-1: Foul Ball, location: 2F
2-2: SINGLE (Groundball, 34D)
IV Seacat to third
Alfredo Pizarro to second
Runner from 3rd tries for Home, throw and OUT!
Batting: LHB Jorge Vargas 0-0: Called Strike
0-1: Swinging Strike
0-2: Ball
1-2: Foul Ball, location: 2F
1-2: Strikes out swinging
Batting: SHB Mitch Qualtrough 0-0: Swinging Strike
0-1: Foul Ball, location: 2F
0-2: Ground out 4-3 (Groundball, 34)
Bottom of the 8th over - 0 runs, 2 hits, 0 errors, 2 left on base; Athletic Club KC 3 - Richardson City 1
TOP OF THE 9TH
Athletic Club KC batting - Pitching for Richardson City Thundercats : LHP Stanford McCain
Batting: RHB Andrés Medina 0-0: Called Strike
0-1: Swinging Strike
0-2: Ball
1-2: Strikes out swinging
Pitching: RHP Josef van der Poel
Batting: RHB Karl Schultz 0-0: Foul Ball, location: 2F
0-1: Ball
1-1: Ball
2-1: Foul Ball, location: 2F
2-2: Strikes out swinging
Batting: RHB Pedro Solís 0-0: Called Strike
0-1: Ball
1-1: Ground out 5-3 (Groundball, 5L)
Top of the 9th over - 0 runs, 0 hits, 0 errors, 0 left on base; Athletic Club KC 3 - Richardson City 1
BOTTOM OF THE 9TH
Richardson City Thundercats batting - Pitching for Athletic Club KC : LHP Sung-hwan Ho
Batting: LHB Eric Thackston 0-0: Ball
1-0: Called Strike
1-1: Ball
2-1: Ball
3-1: Called Strike
3-2: SOLO HOME RUN (Flyball, 9LD), Distance : 335 ft
Batting: LHB Ashley Thachi 0-0: Ball
1-0: Ball
2-0: DOUBLE (Line Drive, 7LS)
Pitching: RHP Hi-sang Pak
Batting: LHB Jorge Flores 0-0: Ball
1-0: Ball
2-0: Foul Ball, location: 2F
2-1: DOUBLE (Line Drive, 7D)
Ashley Thachi scores
Batting: RHB Felipe Campos 0-0: Sac Bunt - play at first, batter OUT! 1-3
Jorge Flores to third
Batting: RHB IV Seacat 0-0: Intentional Walk
Batting: RHB Alfredo Pizarro 0-0: Ball
1-0: Swinging Strike
1-1: Foul Ball, location: 2F
1-2: Ball
2-2: Ball
3-2: Foul Ball, location: 2F
3-2: Foul Ball, location: 2F
3-2: Base on Balls
IV Seacat to second
Batting: LHB Eduardo Álvarez 0-0: Foul Ball, location: 2F
0-1: Ball
1-1: Foul Ball, location: 2F
1-2: Strikes out looking
Batting: LHB Jorge Vargas 0-0: Ball
1-0: Swinging Strike
1-1: Ball
2-1: Ball
3-1: Base on Balls
Jorge Flores scores
IV Seacat to third
Alfredo Pizarro to second
Wednesday, September 19th, 2018 - OOTP Baseball 18.8 Build 76